3R
GERMANTOWN URUGUAYANS @ ATHLETIC CLUB KC U-21
08/23/2038
 
TOP OF THE 1ST
Germantown Uruguayans batting - Pitching for Athletic Club KC U-21 : LHP Jorge Guarte
Pitching: LHP Jorge Guarte
Batting: RHB Jorge Gardella 0-0: Swinging Strike
0-1: Ball
1-1: Ball
2-1: Swinging Strike
2-2: Strikes out swinging
Batting: RHB Tetahiti Kelala 0-0: Swinging Strike
0-1: Fly out, F9 (Flyball, 89M, EV 91.2 MPH)
Batting: RHB Harold Keightley 0-0: Called Strike
0-1: Swinging Strike
0-2: Ball
1-2: Foul Ball, location: 2F
1-2: Ground out 1-3 (Groundball, P, EV 86.9 MPH)
Top of the 1st over - 0 runs, 0 hits, 0 errors, 0 left on base; Germantown 0 - Athletic Club KC 0
BOTTOM OF THE 1ST
Athletic Club KC U-21 batting - Pitching for Germantown Uruguayans : RHP 聲gel Franco
Pitching: RHP 聲gel Franco
Batting: SHB Gary Hopkins 0-0: Ball
1-0: Called Strike
1-1: Foul Ball, location: 2F
1-2: SINGLE (Groundball, 6MD, EV 108.1 MPH)
Batting: RHB Germain Bedeschi 0-0: Called Strike
0-1: Swinging Strike
0-2: Ball
1-2: Ball
2-2: Grounds into double play, 5-4-3 (Groundball, 56S, EV 81.9 MPH)
Batting: LHB Bruce Simpson 0-0: Ball
1-0: Ball
2-0: Foul Ball, location: 2F
2-1: Ball
3-1: Called Strike
3-2: SINGLE (Line Drive, 4MD, EV 100.0 MPH)
Batting: LHB Rafael Padilla 0-0: Ball
1-0: Ball
2-0: Ball
3-0: Called Strike
3-1: Fly out, F9 (Flyball, 9LS, EV 88.8 MPH)
Bottom of the 1st over - 0 runs, 2 hits, 0 errors, 1 left on base; Germantown 0 - Athletic Club KC 0
TOP OF THE 2ND
Germantown Uruguayans batting - Pitching for Athletic Club KC U-21 : LHP Jorge Guarte
Batting: RHB Lachlan Thurgood 0-0: Called Strike
0-1: Fly out, F9 (Flyball, 9LS, EV 95.0 MPH)
Batting: RHB Kiyoshi Aoki 0-0: Ball
1-0: Ball
2-0: Called Strike
2-1: Foul Ball, location: 2F
2-2: Ball
3-2: Ground out 6-3 (Groundball, 6, EV 101.2 MPH)
Batting: RHB Anthony McGee 0-0: Ball
1-0: Ball
2-0: Called Strike
2-1: Ball
3-1: Ground out 5-3 (Groundball, 56S, EV 86.9 MPH)
Top of the 2nd over - 0 runs, 0 hits, 0 errors, 0 left on base; Germantown 0 - Athletic Club KC 0
BOTTOM OF THE 2ND
Athletic Club KC U-21 batting - Pitching for Germantown Uruguayans : RHP 聲gel Franco
Batting: RHB Kojuro Seki 0-0: Reached on error, E9 (Flyball, 89D, EV 94.4 MPH)
Batting: LHB Ted Reed 0-0: Ball
1-0: Fly out, F7 (Flyball, 7LD, EV 88.1 MPH)
Runner from 2nd tags up, SAFE at 3rd, no throw by LF
Batting: RHB Palmer Rogers 0-0: Called Strike
0-1: Ground out 5-3 (Groundball, 56, EV 86.9 MPH)
Kojuro Seki scores
Batting: RHB Tim Hendricks 0-0: Ground out 6-3 (Groundball, 6, EV 87.5 MPH)
Bottom of the 2nd over - 1 run, 0 hits, 1 error, 0 left on base; Germantown 0 - Athletic Club KC 1
TOP OF THE 3RD
Germantown Uruguayans batting - Pitching for Athletic Club KC U-21 : LHP Jorge Guarte
Batting: LHB Mhelter Narcida 0-0: Called Strike
0-1: Ball
1-1: Ball
2-1: Ball
3-1: Called Strike
3-2: Ground out 4-3 (Groundball, 4M, EV 106.9 MPH)
Batting: RHB Est瞚緌 Reimonde 0-0: Ball
1-0: Swinging Strike
1-1: Swinging Strike
1-2: Ball
2-2: Strikes out swinging
Batting: RHB Harley Lambert 0-0: Ball
1-0: SINGLE (Groundball, 5D, EV 97.5 MPH)
Batting: RHB Jorge Gardella 0-0: Ball
1-0: Fly out, F8 (Flyball, 78D, EV 83.8 MPH)
Top of the 3rd over - 0 runs, 1 hit, 0 errors, 1 left on base; Germantown 0 - Athletic Club KC 1
BOTTOM OF THE 3RD
Athletic Club KC U-21 batting - Pitching for Germantown Uruguayans : RHP 聲gel Franco
Batting: LHB Yee Ci 0-0: Ball
1-0: Foul Ball, location: 2F
1-1: Swinging Strike
1-2: Ball
2-2: Foul Ball, location: 2F
2-2: Fly out, F6 (Popup, 6MD, EV 46.2 MPH)
Batting: SHB Gary Hopkins 0-0: Swinging Strike
0-1: Foul Ball, location: 2F
0-2: Foul Ball, location: 2F
0-2: Ball
1-2: Ball
2-2: Fly out, F8 (Flyball, 78XD, EV 101.9 MPH)
Batting: RHB Germain Bedeschi 0-0: Foul Ball, location: 2F
0-1: Ball
1-1: Ball
2-1: Fly out, F7 (Flyball, 7, EV 95.0 MPH)
Bottom of the 3rd over - 0 runs, 0 hits, 0 errors, 0 left on base; Germantown 0 - Athletic Club KC 1
TOP OF THE 4TH
Germantown Uruguayans batting - Pitching for Athletic Club KC U-21 : LHP Jorge Guarte
Batting: RHB Tetahiti Kelala 0-0: Ball
1-0: Fly out, F8 (Flyball, 8LS, EV 92.5 MPH)
Batting: RHB Harold Keightley 0-0: Called Strike
0-1: Ball
1-1: Foul Ball, location: 2F
1-2: Fly out, F7 (Flyball, 7D, EV 85.0 MPH)
Batting: RHB Lachlan Thurgood 0-0: Swinging Strike
0-1: Foul Ball, location: 2F
0-2: Foul Ball, location: 2F
0-2: Strikes out swinging
Top of the 4th over - 0 runs, 0 hits, 0 errors, 0 left on base; Germantown 0 - Athletic Club KC 1
BOTTOM OF THE 4TH
Athletic Club KC U-21 batting - Pitching for Germantown Uruguayans : RHP 聲gel Franco
Batting: LHB Bruce Simpson 0-0: Foul Ball, location: 2F
0-1: Fly out, F7 (Flyball, 78D, EV 86.9 MPH)
Batting: LHB Rafael Padilla 0-0: Fly out, F9 (Flyball, 9D, EV 90.0 MPH)
Batting: RHB Kojuro Seki 0-0: Ball
1-0: Swinging Strike
1-1: Foul Ball, location: 2F
1-2: Ball
2-2: Foul Ball, location: 2F
2-2: Ball
3-2: Base on Balls
Batting: LHB Ted Reed 0-0: Called Strike
0-1: Foul Ball, location: 2F
0-2: Ball
1-2: Foul Ball, location: 2F
1-2: Ball
2-2: Ball
3-2: Base on Balls
Kojuro Seki to second
Batting: RHB Palmer Rogers 0-0: Swinging Strike
0-1: DOUBLE (Line Drive, 9LM, EV 107.5 MPH)
Kojuro Seki scores
Ted Reed to third
Runner from 3rd tries for Home, SAFE, no throw by RF
Batting: RHB Tim Hendricks 0-0: Called Strike
0-1: SINGLE (Groundball, 56D, EV 103.1 MPH)
Palmer Rogers to third
Runner from 3rd tries for Home, SAFE, no throw by LF
Batting: LHB Yee Ci 0-0: Fly out, F8 (Flyball, 8LM, EV 86.9 MPH)
Bottom of the 4th over - 3 runs, 2 hits, 0 errors, 1 left on base; Germantown 0 - Athletic Club KC 4
TOP OF THE 5TH
Germantown Uruguayans batting - Pitching for Athletic Club KC U-21 : LHP Jorge Guarte
Batting: RHB Kiyoshi Aoki 0-0: Ball
1-0: Called Strike
1-1: Ball
2-1: Foul Ball, location: 2F
2-2: SINGLE (Line Drive, 3D, EV 100.0 MPH)
Batting: RHB Anthony McGee 0-0: Foul Ball, location: 2F
0-1: Foul Ball, location: 2F
0-2: SINGLE (Line Drive, 9S, EV 102.5 MPH)
Kiyoshi Aoki to second
Pitching: RHP Charles McElroy
Batting: LHB Mhelter Narcida 0-0: Bunt - Flyout to 13S - DP at third! 1-6
Batting: RHB Est瞚緌 Reimonde 0-0: Foul Ball, location: 2F
0-1: Swinging Strike
0-2: Foul Ball, location: 2F
0-2: Strikes out swinging
Top of the 5th over - 0 runs, 2 hits, 0 errors, 1 left on base; Germantown 0 - Athletic Club KC 4
BOTTOM OF THE 5TH
Athletic Club KC U-21 batting - Pitching for Germantown Uruguayans : RHP 聲gel Franco
Batting: SHB Gary Hopkins 0-0: Ball
1-0: Called Strike
1-1: Ball
2-1: Foul Ball, location: 2F
2-2: Foul Ball, location: 2F
2-2: Strikes out looking
Batting: RHB Germain Bedeschi 0-0: Called Strike
0-1: Hit by Pitch
Batting: LHB Bruce Simpson 0-0: Called Strike
0-1: Swinging Strike
0-2: Ball
1-2: Fly out, F8 (Flyball, 89S, EV 81.2 MPH)
Batting: LHB Rafael Padilla Pickoff Throw to First - Out! 1-3
Bottom of the 5th over - 0 runs, 0 hits, 0 errors, 0 left on base; Germantown 0 - Athletic Club KC 4
TOP OF THE 6TH
Germantown Uruguayans batting - Pitching for Athletic Club KC U-21 : RHP Charles McElroy
Batting: RHB Harley Lambert 0-0: Foul Ball, location: 2F
0-1: Swinging Strike
0-2: Ball
1-2: Ball
2-2: Strikes out swinging
Batting: RHB Jorge Gardella 0-0: Ball
1-0: Foul Ball, location: 2F
1-1: Swinging Strike
1-2: Ball
2-2: SINGLE (Groundball, 6D, EV 101.2 MPH)
Batting: RHB Tetahiti Kelala 0-0: Ball
Jorge Gardella steals 2nd base
1-0: Ground out 4-3 (Groundball, 4MS, EV 82.5 MPH)
Jorge Gardella to third
Pitching: RHP Jeremy Fulton
Batting: RHB Harold Keightley 0-0: Ball
1-0: Ground out 6-3 (Groundball, 6, EV 85.0 MPH)
Top of the 6th over - 0 runs, 1 hit, 0 errors, 1 left on base; Germantown 0 - Athletic Club KC 4
BOTTOM OF THE 6TH
Athletic Club KC U-21 batting - Pitching for Germantown Uruguayans : RHP 聲gel Franco
Batting: LHB Rafael Padilla 0-0: DOUBLE (Groundball, 3L, EV 106.9 MPH)
Batting: RHB Kojuro Seki 0-0: Ball
1-0: Called Strike
1-1: Ball
2-1: Fly out, F8 (Flyball, 8LXD, EV 85.0 MPH)
Runner from 2nd tags up, SAFE at 3rd, no throw by CF
Batting: LHB Ted Reed 0-0: Called Strike
0-1: Called Strike
0-2: Ball
1-2: Ball
2-2: SINGLE (Popup, 56D, EV 52.5 MPH)
Rafael Padilla scores
Pitching: RHP Brenden Colling
Batting: RHB Palmer Rogers 0-0: Foul Ball, location: 2F
0-1: Ball
1-1: Swinging Strike
1-2: Ball
2-2: Ball
3-2: Foul Ball, location: 2F
3-2: Strikes out looking
Batting: RHB Tim Hendricks 0-0: Called Strike
0-1: Called Strike
0-2: Ball
1-2: Fly out, F8 (Flyball, 89XD, EV 109.4 MPH)
Bottom of the 6th over - 1 run, 2 hits, 0 errors, 1 left on base; Germantown 0 - Athletic Club KC 5
TOP OF THE 7TH
Germantown Uruguayans batting - Pitching for Athletic Club KC U-21 : RHP Jeremy Fulton
Batting: RHB Lachlan Thurgood 0-0: Called Strike
0-1: Foul Ball, location: 2F
0-2: Foul Ball, location: 2F
0-2: Fly out, F8 (Flyball, 8RM, EV 90.6 MPH)
Batting: RHB Kiyoshi Aoki 0-0: Foul Ball, location: 2F
0-1: Foul Ball, location: 2F
0-2: Strikes out looking
Batting: RHB Anthony McGee 0-0: Swinging Strike
0-1: Ball
1-1: Swinging Strike
1-2: Strikes out swinging
Top of the 7th over - 0 runs, 0 hits, 0 errors, 0 left on base; Germantown 0 - Athletic Club KC 5
BOTTOM OF THE 7TH
Athletic Club KC U-21 batting - Pitching for Germantown Uruguayans : RHP Brenden Colling
Batting: LHB Yee Ci 0-0: Called Strike
0-1: Ball
1-1: Ball
2-1: Ball
3-1: Foul Ball, location: 2F
3-2: Fly out, F9 (Line Drive, 9, EV 93.1 MPH)
Batting: SHB Gary Hopkins 0-0: Ball
1-0: Ball
2-0: Called Strike
2-1: Foul Ball, location: 2F
2-2: Ball
3-2: Fly out, F7 (Flyball, 7LSF, EV 91.9 MPH)
Batting: RHB Germain Bedeschi 0-0: Fly out, F8 (Line Drive, 8RM, EV 98.8 MPH)
Bottom of the 7th over - 0 runs, 0 hits, 0 errors, 0 left on base; Germantown 0 - Athletic Club KC 5
TOP OF THE 8TH
Germantown Uruguayans batting - Pitching for Athletic Club KC U-21 : RHP Jeremy Fulton
Batting: LHB Mhelter Narcida 0-0: Ball
1-0: Ground out 3-1 (Groundball, 34, EV 88.1 MPH)
Batting: RHB Est瞚緌 Reimonde 0-0: DOUBLE (Groundball, 5L, EV 106.2 MPH)
Batting: RHB Harley Lambert 0-0: Ball
1-0: Ball
2-0: Called Strike
2-1: Ball
3-1: Foul Ball, location: 2F
3-2: Foul Ball, location: 2F
3-2: Fly out, F8 (Line Drive, 8RM, EV 110.0 MPH)
Batting: RHB Jorge Gardella 0-0: Ground out 4-3 (Groundball, 4, EV 85.6 MPH)
Top of the 8th over - 0 runs, 1 hit, 0 errors, 1 left on base; Germantown 0 - Athletic Club KC 5
BOTTOM OF THE 8TH
Athletic Club KC U-21 batting - Pitching for Germantown Uruguayans : RHP Brenden Colling
Batting: LHB Bruce Simpson 0-0: Called Strike
0-1: Foul Ball, location: 2F
0-2: Ball
1-2: Ball
2-2: Ground out U3 (Groundball, 3, EV 106.2 MPH)
Batting: LHB Rafael Padilla 0-0: DOUBLE (Flyball, 8LXD, EV 93.8 MPH)
Batting: RHB Kojuro Seki 0-0: Called Strike
0-1: Foul Ball, location: 2F
0-2: Ball
1-2: Foul Ball, location: 2F
1-2: Foul Ball, location: 2F
1-2: Strikes out swinging
Batting: LHB Ted Reed 0-0: Ball
1-0: Ball
2-0: Called Strike
2-1: DOUBLE (Line Drive, 5D, EV 102.5 MPH)
Rafael Padilla scores
Batting: RHB Palmer Rogers 0-0: Ball
1-0: Ball
2-0: Swinging Strike
2-1: Ball
3-1: Called Strike
3-2: Foul Ball, location: 2F
3-2: Strikes out looking
Bottom of the 8th over - 1 run, 2 hits, 0 errors, 1 left on base; Germantown 0 - Athletic Club KC 6
TOP OF THE 9TH
Germantown Uruguayans batting - Pitching for Athletic Club KC U-21 : RHP Jeremy Fulton
Batting: RHB Tetahiti Kelala 0-0: SINGLE (Groundball, 6MD, EV 101.2 MPH)
Batting: RHB Harold Keightley 0-0: Ball
1-0: Ball
2-0: Ball
3-0: Base on Balls
Tetahiti Kelala to second
Batting: RHB Lachlan Thurgood 0-0: Called Strike
0-1: Foul Ball, location: 2F
0-2: Fly out, F3 (Popup, 34, EV 66.9 MPH)
Batting: RHB Kiyoshi Aoki 0-0: Called Strike
0-1: Ball
1-1: Foul Ball, location: 2F
1-2: Fly out, F7 (Flyball, 8LS, EV 80.0 MPH)
Batting: RHB Anthony McGee 0-0: Swinging Strike
0-1: Called Strike
0-2: Foul Ball, location: 2F
0-2: Strikes out looking
Top of the 9th over - 0 runs, 1 hit, 0 errors, 2 left on base; Germantown 0 - Athletic Club KC 6
Friday, April 17th, 2020 - OOTP Baseball 20.8 Build 74